 Dungeon Crawl Stone Soup version 0.29.0-10-g45618ea6d2 (webtiles) character file.

Game seed: 9442736965008906925

114 SensoryNuts the Slasher (level 4, -6/35 HPs)
             Began as a Demonspawn Fighter on Sept 1, 2022.
             Killed by nerve-wracking pain
             ... invoked by Grinder
              (7 damage)
             ... on level 3 of the Dungeon.
             The game lasted 00:02:10 (2251 turns).

SensoryNuts the Slasher (Demonspawn Fighter)        Turns: 2251, Time: 00:02:11

Health: -6/35      AC: 11    Str: 16    XL:     4   Next: 67%
Magic:  4/4        EV:  9    Int:  9    God:
Gold:   140        SH:  5    Dex: 15    Spells: 3/3 levels left

rFire   . . .      SeeInvis .   a - +1 long sword (vamp)
rCold   . . .      Faith    .   c - +0 buckler
rNeg    . . .      Spirit   .   b - +0 scale mail
rPois   .          Reflect  .   (no helmet)
rElec   .          Harm     .   h - +0 cloak
rCorr   .          Rampage  .   f - +0 pair of gloves
Will    .....                   (no boots)
Stlth   ..........              (no amulet)
HPRegen 0.11/turn               (no ring)
MPRegen 0.09/turn               (no ring)

@: mighty
A: icy blue scales 1, powered by death 1
a: no special abilities


You were on level 3 of the Dungeon.
You visited 1 branch of the dungeon, and saw 3 of its levels.

You collected 140 gold pieces.

Inventory:

Hand Weapons
 a - a +1 vampiric long sword (weapon)
Armour
 b - a +0 scale mail (worn)
 c - a +0 buckler (worn)
 f - a +0 pair of gloves (worn)
 h - a +0 cloak (worn)
Jewellery
 k - a +6 ring of dexterity
Scrolls
 i - 3 scrolls of identify
Potions
 d - a potion of might
 e - a potion of flight {unknown}
 g - 2 potions of curing {unknown}
 j - a potion of berserk rage
 l - a potion of attraction {unknown}
 m - a potion of heal wounds {unknown}
 n - 2 potions of haste {unknown}
 o - a potion of brilliance {unknown}
 p - 2 potions of lignification {unknown}


   Skills:
 + Level 3.2 Fighting
 * Level 3.4 Long Blades
 + Level 3.0 Armour
 + Level 1.0 Dodging
 + Level 3.1 Shields


You had 3 spell levels left.
You didn't know any spells.
Your spell library was empty.

Dungeon Overview and Level Annotations

Branches:
Dungeon (3/15)

Altars:

Annotations:
D:3 Grinder


Innate Abilities, Weirdness & Mutations

You are partially covered in icy blue scales. (AC +2)
You regenerate a little health from kills.


Message History

The endoplasm hits you but does no damage.
Grinder gestures at you. Pain shoots through your body!
The endoplasm hits you but does no damage.
You feel very mighty all of a sudden. Grinder hits you.
You writhe in agony.
The endoplasm freezes you.
You are frozen.
You hit Grinder but do no damage.
Grinder is severely wounded.
Grinder hits you but does no damage. The endoplasm freezes you.
You are frozen.
You hit Grinder.
Grinder is almost dead.
Grinder barely misses you. The endoplasm freezes you.
You are frozen.
You barely miss Grinder.
Grinder is almost dead.
Grinder closely misses you. The endoplasm freezes you.
You are frozen.
You barely miss Grinder.
Grinder is almost dead.
The endoplasm freezes you.
You are frozen.
* * * LOW HITPOINT WARNING * * *
Grinder hits you.
* * * LOW HITPOINT WARNING * * *
You writhe in agony.
* * * LOW HITPOINT WARNING * * *
The endoplasm freezes you.
You are frozen.
* * * LOW HITPOINT WARNING * * *
Grinder closely misses you. Grinder attacks as you move away!
You block Grinder's attack. Grinder gestures at you.
Pain shoots through your body!
You die...

#.......#
#.......#
#.......#
#####'### #.#
#.# #.#
######.######
#........@.5#
#(......###Jb.#
#......## #.##
#......# ...
#......# ...
......... ...#
.######+. ..!.
. #..#


You could see Grinder, an endoplasm and a bat.

Vanquished Creatures
  Robin (D:3)
  A gnoll (D:1)
  3 adders
  A worm (D:3)
  A dart slug (D:3)
  3 bats
  2 endoplasms
  3 giant cockroaches (D:2)
  13 goblins
  7 hobgoblins
  9 jackals
  2 kobolds (D:3)
  2 quokkas (D:1)
  3 ball pythons
  A frilled lizard (D:2)
  2 rats
54 creatures vanquished.

Vanquished Creatures (others)
  4 toadstools (D:1)
4 creatures vanquished.

Grand Total: 58 creatures vanquished

Notes
Turn   | Place    | Note
-------+----------+-------------------------------------------
     0 | D:1      | SensoryNuts the Demonspawn Fighter began the quest for the
                  | Orb.
     0 | D:1      | Reached XP level 1. HP: 18/18 MP: 1/1
    43 | D:1      | Gained mutation: You are partially covered in icy blue
                  | scales. (AC +2) [demonic ancestry]
    43 | D:1      | Reached XP level 2. HP: 18/24 MP: 2/2
   176 | D:1      | You fall into a shaft and drop 1 floor!
   572 | D:1      | Found a faded altar of an unknown god.
   609 | D:1      | Reached XP level 3. HP: 20/29 MP: 3/3
  1956 | D:3      | Noticed Robin
  1980 | D:3      | Killed Robin
  1981 | D:3      | Reached skill level 1 in Dodging
  1981 | D:3      | Gained mutation: You regenerate a little health from kills.
                  | [demonic ancestry]
  1981 | D:3      | Reached XP level 4. HP: 32/35 MP: 4/4
  2223 | D:3      | Noticed Grinder
  2250 | D:3      | HP: 1/35 [frozen (2)]
  2251 | D:3      | Killed from afar by Grinder

Illustrated notes

Levels and vault maps discovered:
D:1:      ldierk_walled_garden_2, layout_basic,
          shapermc_ecumenical_altar_mp_ritualfount, hex_medium
D:2:      layout_loops_ring
D:3:      minmay_spotlight, layout_basic, minmay_three_crescents, uniq_natasha,
          uniq_grinder, uniq_robin, uniq_ijyb

Skill      XL: |  1  2  3  4 |
---------------+-------------+-----
Shields        | 3 |  3.1
Long Blades    | 2 3 |  3.4
Armour         | 3 |  3.0
Dodging        | 1 |  1.0
Fighting       | |  3.2

Action                   |  1- 3 |  4- 6 || total
-------------------------+-------+-------++-------
Melee: Long sword        |   123 |    52 ||   175
  Use: Scroll            |     8 |       ||     8
       Potion            |       |     1 ||     1
Armor: Scale mail        |    94 |    36 ||   130
Dodge: Dodged            |    64 |    32 ||    96
Block: Buckler           |    33 |    20 ||    53
